 Seeded DCSS version 0.30.1-4-g462c640d31 (webtiles) character file.

Game seed: 20230804 (custom seed)

239 AccursedSamuel the Cudgeller (level 6, 0/38 HPs)
             Began as a Tengu Monk on Aug 10, 2023.
             Slain by a gnoll
             ... wielding a +0 club
              (5 damage)
             ... on level 4 of the Dungeon.
             The game lasted 00:07:50 (3486 turns).

AccursedSamuel the Cudgeller (Tengu Monk)           Turns: 3486, Time: 00:07:51

Health: 0/38       AC:  6    Str: 13    XL:     6   Next: 7%
Magic:  7/7        EV: 12    Int: 10    God:
Gold:   133        SH:  0    Dex: 17    Spells: 5/5 levels left

rFire   . . .        a - +0 mace
rCold   . . .        d - orb {light}
rNeg    . . .        m - +0 scale mail
rPois   .            (helmet restricted)
rElec   .            (no cloak)
rCorr   .            (no gloves)
SInv    .            (boots unavailable)
Will    +....        (no amulet) Stlth
                     (no ring)
HPRegen 0.26/turn    (no ring)
MPRegen 0.10/turn

%: no passive effects
@: flying quickly and evasively, glowing, quick
A: beak, talons 3, nimble flight, strong-willed 1, MP-powered wands
a: no special abilities


You were on level 4 of the Dungeon.
You visited 1 branch of the dungeon, and saw 4 of its levels.

You collected 133 gold pieces.

Inventory:

Hand Weapons
 a - a +0 mace (weapon)
 s - the +1 war axe of Kemuffou {freeze, Int+3}
   (You found it on level 4 of the Dungeon)

   Int:       It affects your intelligence (+3).
Armour
 b - a +0 robe
 d - an orb of light (worn)
 j - a +1 leather armour
 m - a +0 scale mail (worn)
Jewellery
 g - a ring of poison resistance
Wands
 l - a wand of flame (11)
Scrolls
 e - 2 scrolls of teleportation
 k - a scroll of blinking
 n - 2 scrolls of identify
 o - a scroll of immolation {unknown}
Potions
 c - 3 potions of ambrosia
 f - 2 potions of mutation
 h - 2 potions of curing {unknown}
 i - a potion of haste
 p - 2 potions of brilliance {unknown}
 q - 2 potions of attraction {unknown}
 r - a potion of invisibility {unknown}


   Skills:
 + Level 3.8 Fighting
 + Level 5.5 Maces & Flails
 + Level 2.1 Armour
 + Level 4.1 Dodging
 + Level 0.9 Stealth


You had 5 spell levels left.
You didn't know any spells.
Your spell library contained the following spells:

 Spells                   Type           Power      Damage    Failure   Level
 Apportation              Tloc           0%         N/A       87%         1
 Summon Forest            Summ/Tloc      0%         N/A       100%        5
 Dispersal                Tloc           0%         N/A       100%        6


Dungeon Overview and Level Annotations

Branches:
Dungeon (4/15)
 Temple: D:4-7

Altars:
Nemelex Xobeh
Vehumet
Wu Jian


Innate Abilities, Weirdness & Mutations

You have a beak for a mouth.
You have claws for feet.
Your magical nature lets you fly swiftly and evasively.
You are strong-willed. (Will+)
You expend magic power (3 MP) to strengthen your wands.


Message History

The goblin hits you but does no damage.
You feel drained.
You hit the goblin.
You kill the goblin!
The gnoll misses you. The gnoll hits you with a +0 spear.
The gnoll closely misses you. The gnoll hits you with a +0 spear.
Things that are here:
a +0 dagger of draining; a goblin corpse You thump the gnoll!
You claw the gnoll, but do no damage.
The gnoll is heavily wounded.
The gnoll hits you with a +0 spear. x2; The gnoll misses you.
You hit the gnoll. You peck the gnoll.
The gnoll is severely wounded.
The gnoll hits you but does no damage. The gnoll hits you with a +0 spear.
The gnoll closely misses you.
You hit the gnoll.
The gnoll is almost dead.
The gnoll hits you with a +0 spear. The gnoll hits you with a +0 club.
The gnoll hits you with a +0 spear.
* * * LOW HITPOINT WARNING * * *
You hit the gnoll.
You kill the gnoll!
The gnoll barely misses you. The gnoll hits you but does no damage.
Your life force feels restored.
Your Armour skill increases to level 2!
You have reached level 6!
The gnoll hits you with a +0 spear.
* * * LOW HITPOINT WARNING * * *
The gnoll closely misses you.
You see here a +0 spear.
You hit the gnoll. You claw the gnoll! You peck the gnoll.
You kill the gnoll!
The gnoll hits you with a +0 club.
* * * LOW HITPOINT WARNING * * *
Things that are here:
a +0 spear; a gnoll corpse You hit the gnoll.
Your kick misses the gnoll.
The gnoll is lightly wounded.
The gnoll hits you with a +0 club.
You die...

#........# #.#
#........# #.#
.........###########
#.#
.).......##........#
#.#
......$..##........#
#.#
.........##........#
#.#
...########........#
#.# ...# #........#
#.# ...#
#.....@..###.# ....
+.....g).....# ..##
#........#####
#........#
#........#
##########


You could see a gnoll.

Vanquished Creatures
  A hound (D:4)
  An orc priest (D:4)
  An iguana (D:4)
  An orc wizard (D:3)
  2 gnolls (D:4)
  3 adders
  2 worms
  4 dart slugs
  8 orcs
  4 ball pythons
  3 endoplasms
  2 giant cockroaches (D:3)
  5 goblins
  2 hobgoblins
  2 jackals (D:4)
  6 quokkas
  5 bats
  2 frilled lizards
  4 kobolds
  5 rats
63 creatures vanquished.

Notes
Turn   | Place    | Note
-------+----------+-------------------------------------------
     0 | D:1      | AccursedSamuel the Tengu Monk began the quest for the Orb.
     0 | D:1      | Reached XP level 1. HP: 14/14 MP: 2/2
    45 | D:1      | Found a faded altar of an unknown god.
   284 | D:1      | Reached XP level 2. HP: 19/19 MP: 3/3
   931 | D:1      | Gained mutation: You expend magic power (3 MP) to
                  | strengthen your wands. [potion of mutation]
   931 | D:1      | Gained mutation: You are strong-willed. (Will+) [potion of
                  | mutation]
  1070 | D:2      | Reached XP level 3. HP: 23/23 MP: 4/4
  1146 | D:2      | Reached skill level 4 in Maces & Flails
  1872 | D:3      | Got the Almanac of Location
  1897 | D:3      | Reached XP level 4. HP: 26/28 MP: 5/5
  2774 | D:3      | Reached skill level 1 in Armour
  3085 | D:4      | Reached skill level 5 in Maces & Flails
  3085 | D:4      | Gained mutation: Your magical nature lets you fly swiftly
                  | and evasively. [Tengu growth]
  3085 | D:4      | Reached XP level 5. HP: 18/32 MP: 6/6
  3212 | D:4      | Found a sparkling altar of Nemelex Xobeh.
  3214 | D:4      | Found a radiant altar of Vehumet.
  3221 | D:4      | Found an ornate altar of the Wu Jian Council.
  3287 | D:4      | Identified the +1 war axe of Kemuffou {freeze, Int+3}
  3483 | D:4      | Reached XP level 6. HP: 9/38 MP: 7/7
  3486 | D:4      | Slain by a gnoll

Illustrated notes

Levels and vault maps discovered:
D:1:      roderic_octagonal_star, layout_basic,
          hellmonk_ecumenical_altar_run_dry, minmay_box_of_dots
D:2:      layout_loops_ring
D:3:      layout_basic, serial_aquarium, aquarium_bridge_long_separate
          [aquarium_subvault_wall, aquarium_subvault_wall,
          aquarium_subvault_bridge, aquarium_subvault_wall,
          aquarium_subvault_bridge, aquarium_subvault_bridge],
          aquarium_window_1, aquarium_window_fake, aquarium_view_2d,
          aquarium_view_4, aquarium_pool_1
D:4:      layout_basic, gammafunk_temple_overflow_forgotten,
          portal_sewer_entry_b

Skill      XL: |  1  2  3  4  5 |
---------------+----------------+-----
Maces & Flails | 4 5 |  5.5
Armour         | 1 2 |  2.1
Dodging        | 4 |  4.1
Fighting       | |  3.8
Stealth        | |  0.9

Action                     |  1- 3 |  4- 6 || total
---------------------------+-------+-------++-------
  Melee: Mace              |    73 |    68 ||   141
         Peck              |    12 |    17 ||    29
         Kick              |    21 |    24 ||    45
    Use: Scroll            |     6 |       ||     6
         Potion            |     4 |       ||     4
 Armour: Leather armour    |    11 |       ||    11
         Robe              |     4 |       ||     4
         Scale mail        |     6 |    27 ||    33
  Dodge: Dodged            |    63 |    45 ||   108
